 Dungeon Crawl Stone Soup version 0.20.1-1-g8b1a95d (webtiles) character file.

107 equalderp2856 the Covered (level 4, -3/40 HPs)
             Began as a Minotaur Fighter on July 28, 2017.
             Killed by nerve-wracking pain
             ... invoked by an orc priest
              (10 damage)
             ... on level 3 of the Dungeon.
             The game lasted 00:02:27 (1051 turns).

equalderp2856 the Covered (Minotaur Fighter)        Turns: 1051, Time: 00:02:28

Health: -3/40      AC:  7    Str: 21    XL:     4   Next: 57%
Magic:  3/3        EV:  7    Int:  5    God:
Gold:   132        SH:  9    Dex: 10    Spells: 3/3 levels left

rFire    . . .     SeeInvis .   a - +0 war axe
rCold    . . .     Gourm    .   c - +0 shield
rNeg     . . .     Faith    .   b - +0 scale mail
rPois    .         Spirit   .   (helmet restricted)
rElec    .         Reflect  .   (no cloak)
rCorr    .         Harm     .   (no gloves)
MR       .....                  (no boots)
Stlth    ..........             (no amulet)
Regen    0.2/turn               (no ring)
MPRegen  0.1/turn               (no ring)

@: no status effects
A: retaliatory headbutt, horns 2
a: no special abilities


You were on level 3 of the Dungeon.
You were hungry.

You visited 1 branch of the dungeon, and saw 3 of its levels.

You collected 132 gold pieces.

Inventory:

Hand Weapons
 a - a +0 war axe (weapon)
 s - a +0 short sword
Missiles
 i - 22 sling bullets
 j - 15 bolts
 m - 61 stones (quivered)
 q - 38 arrows
Armour
 b - a +0 scale mail (worn)
 c - a +0 shield (worn)
 h - a +0 helmet
 t - a +0 robe
Jewellery
 y - a cursed +4 ring of strength {unknown}
Scrolls
 g - 2 scrolls of identify {unknown}
 k - 2 scrolls of teleportation {unknown}
 l - a scroll of magic mapping {unknown}
 n - a scroll of random uselessness {unknown}
 o - 2 scrolls of remove curse {unknown}
 v - a scroll of blinking {unknown}
Potions
 d - 2 potions of might
 e - a potion of haste {unknown}
 p - a potion of invisibility {unknown}
 u - a potion of heal wounds {unknown}
 w - a potion of degeneration {unknown}
 x - a potion of brilliance {unknown}
Comestibles
 f - 3 bread rations
 z - a royal jelly


   Skills:
 + Level 4.2 Fighting
 + Level 3.7 Axes
 + Level 4.4 Armour
 + Level 0.7 Dodging
 + Level 4.4 Shields


You had 3 spell levels left.
You didn't know any spells.

Dungeon Overview and Level Annotations

Branches:
Dungeon (3/15)

Altars:


Innate Abilities, Weirdness & Mutations

You reflexively headbutt those who attack you in melee.
You have a pair of horns on your head.


Message History

The orc priest mumbles some strange prayers to Beogh against you.
Pain shoots through your body!
Your scale mail prevents you from hitting the orc priest.
The orc priest is heavily wounded.
You closely miss the orc priest.
The orc priest mumbles some strange prayers to Beogh against you.
Beogh smites you!
* * * LOW HITPOINT WARNING * * *
The orc priest closely misses you. You furiously retaliate!
You headbutt the orc priest. You block the orc priest's attack.
You slash the orc priest!
You kill the orc priest!
You barely miss the orc priest. You block the orc priest's attack.
The kobold closely misses you.
You slash the orc priest! Your headbutt misses the orc priest.
The orc priest is almost dead.
You closely miss the kobold.
The orc priest calls down the wrath of Beogh upon you.
Pain shoots through your body!
You die...

#. #...#.### # #.
#...#... #.#. #...#..###
.#.###...#.... ..
.....#..# .## #.
#...#..#.#
$....#o###......#.#
......K@........#.#
......K.........#.#
................#.# #
................#.# ..
##########........#.####
#.......†......
#...#.#.##.####
#...#...##.####
#...##...#.#...


You could see an orc priest and 2 kobolds.

Vanquished Creatures
  2 orc priests (D:3)
  An adder (D:3)
  2 dart slugs (D:1)
  A leopard gecko (D:3)
  An orc (D:3)
  A giant cockroach (D:1)
  6 goblins (D:1)
  3 hobgoblins
  2 jackals (D:1)
  3 kobolds
  A quokka (D:2)
  3 bats (D:1)
  A frilled lizard (D:1)
  9 rats
36 creatures vanquished.

Notes
Turn   | Place    | Note
-------+----------+-------------------------------------------
     0 | D:1      | equalderp2856 the Minotaur Fighter began the quest for the Orb.
     0 | D:1      | Reached XP level 1. HP: 19/19 MP: 0/0
   134 | D:1      | Reached XP level 2. HP: 27/27 MP: 1/1
   566 | D:1      | Reached XP level 3. HP: 31/33 MP: 2/2
  1044 | D:3      | Reached XP level 4. HP: 28/40 MP: 3/3
  1051 | D:3      | Killed from afar by an orc priest

Skill      XL: |  1  2  3 |
---------------+----------+-----
Fighting       | 4 |  4.2
Armour         | 4 |  4.4
Shields        | 4 |  4.4
Axes           | 3 |  3.7
Dodging        | |  0.7

Action                   |  1- 3 |  4- 6 || total
-------------------------+-------+-------++-------
Melee: War axe           |    62 |     7 ||    69
       Headbutt          |    12 |       ||    12
Armor: Scale mail        |    32 |     6 ||    38
Dodge: Dodged            |    12 |     6 ||    18
Block: Shield            |    33 |     6 ||    39
